 Dungeon Sprint DCSS version 0.21-a0-260-g9b2435e (webtiles) character file.

1532 Kidiri the Covert (level 8, -26/42 HPs)
             Began as a Spriggan Enchanter on Sept 7, 2017.
             Was an Initiate of Dithmenos.
             Shot with an arrow by a centaur warrior (31 damage)
             ... in the Dungeon (Sprint I: "Red Sonja").
             The game lasted 00:02:06 (531 turns).

Kidiri the Covert (Spriggan Enchanter)               Turns: 531, Time: 00:02:07

Health: -26/42     AC:  2    Str:  4    XL:     8   Next: 55%
Magic:  22/22      EV: 27    Int: 17    God:    Dithmenos [......]
Gold:   549        SH:  0    Dex: 18    Spells: 14/26 levels left

rFire    . . .     SeeInvis +   a - +1 dagger
rCold    . . .     Gourm    .   (shield restricted)
rNeg     . . .     Faith    .   b - +0 robe
rPois    .         Spirit   .   (helmet restricted)
rElec    .         Reflect  .   (no cloak)
rCorr    .         Harm     .   (gloves unavailable)
MR       +....     NoTele   +   (boots unavailable)
Stlth    +++.......             (no amulet)
HPRegen  0.14/turn              (no ring)
MPRegen  0.18/turn              (no ring)

@: slow
A: unfitting armour, see invisible, herbivore 3, speed 3, slow metabolism 2
a: Renounce Religion


You were in the Dungeon.
You worshipped Dithmenos.
Dithmenos was noncommittal.
You were not hungry.

You visited 1 branch You collected 549 gold pieces.

Inventory:

Hand Weapons
 a - a +1 dagger (weapon)
Armour
 b - a +0 robe (worn)
Scrolls
 e - a scroll of recharging {unknown}
 j - a scroll of blinking
Potions
 f - a potion of heal wounds
 g - a potion of haste
 h - 2 potions of magic
 i - a potion of berserk rage
Books
 c - a book of Maledictions

   Spells                             Type                      Level
   a - Corona                         Hexes                        1
   b - Ensorcelled Hibernation        Hexes/Ice                    2
   c - Confuse                        Hexes                        3
   d - Tukima's Dance                 Hexes                        3
   e - Dazzling Spray                 Conjuration/Hexes            3
Comestibles
 d - 3 bread rations


   Skills:
 + Level 4.2 Fighting
 * Level 8.4 Short Blades
 + Level 3.8 Armour
 * Level 11.1 Dodging
 * Level 12.3 Stealth
 * Level 9.6 Spellcasting
 + Level 3.2 Conjurations
 + Level 7.4 Hexes
 + Level 3.5 Ice Magic
 + Level 3.1 Invocations


You had 14 spell levels left.
You knew the following spells:

 Your Spells              Type           Power        Failure   Level  Hunger
a - Corona                Hex            ####...      1%          1    None
b - Ensorcelled Hibernat  Hex/Ice        ####..       1%          2    None
c - Confuse               Hex            ####....     1%          3    None
d - Tukima's Dance        Hex            ####....     1%          3    None
e - Dazzling Spray        Conj/Hex       ####..       3%          3    None


Dungeon Overview and Level Annotations

Branches:
Dungeon (1/1)

Altars:
Cheibriados
Dithmenos
Elyvilon
Fedhas
Gozag
Hepliaklqana
Kikubaaqudgha
Nemelex Xobeh
Okawaru
Qazlal
Ru
Sif Muna
Trog
Uskayaw
Vehumet
Wu Jian
Yredelemnul
Zin
The Shining One

Shops:
D !*[


Innate Abilities, Weirdness & Mutations

You are very small and have problems with some larger weapons.
You are too small for most types of armour.
You have supernaturally acute eyesight. (SInv)
You are a herbivore.
You cover ground extremely quickly.
You need consume almost no food.


Message History

Okay, then.
You open the door. 2 centaur warriors come into view.
There is an open door here.
Unknown command.
You enter the shallow water.
Moving in this stuff is going to be slow.
The centaur warrior shouts! x2
The centaur warrior wields a longbow.
The centaur warrior shoots an arrow.
The arrow hits you!!
Ouch! That really hurt!
You hear a splash.
The centaur warrior wields a longbow.
The centaur warrior shoots an arrow.
The arrow hits you!
* * * LOW HITPOINT WARNING * * *
The centaur warrior shoots an arrow.
The arrow closely misses you.
You hear a splash.
The centaur warrior shoots an arrow.
The arrow hits you!!
Ouch! That really hurt!
You die...

##############
.#..'..#.)'..#
.'..#.)'..#..+
.#####+#####'#
[####..#...#%####§§
.#__####..##.#§§§§c#
.#_____##+#_.+§§§§§+
⌠#_.∩...+).._#§§@§c#
##_..__##_.#+##§####
#_____###'#)#§§§.###
##########.####'###.##
........+...'.....+.∩#
#++++####...##########
##.## #+#


You could see 2 centaur warriors.

Vanquished Creatures
  Sonja (D)
  A deep troll (D)
  Sigmund (D)
  A yak (D)
  An ogre (D)
  A jelly (D)
  Ijyb (D)
7 creatures vanquished.

Notes
Turn   | Place    | Note
-------+----------+-------------------------------------------
     0 | D        | Kidiri the Spriggan Enchanter began the quest for the Orb.
     0 | D        | Reached XP level 1. HP: 9/9 MP: 5/5
     2 | D        | Noticed Ijyb
    47 | D        | Killed Ijyb
    47 | D        | Reached skill level 1 in Fighting
    47 | D        | Reached skill level 1 in Armour
    47 | D        | Reached skill level 5 in Stealth
    47 | D        | Reached XP level 2. HP: 5/14 MP: 5/8
   274 | D        | Learned a level 2 spell: Ensorcelled Hibernation
   281 | D        | Noticed an ogre
   283 | D        | Killed an ogre
   283 | D        | Reached skill level 7 in Stealth
   283 | D        | Reached skill level 5 in Spellcasting
   283 | D        | Reached skill level 5 in Hexes
   283 | D        | Reached XP level 3. HP: 18/18 MP: 8/10
   283 | D        | Reached XP level 4. HP: 23/23 MP: 9/12
   300 | D        | Learned a level 3 spell: Confuse
   304 | D        | Learned a level 3 spell: Tukima's Dance
   308 | D        | Learned a level 3 spell: Dazzling Spray
   311 | D        | Noticed Sigmund
   313 | D        | Killed Sigmund
   313 | D        | Reached skill level 5 in Short Blades
   313 | D        | Reached skill level 9 in Stealth
   313 | D        | Reached skill level 1 in Conjurations
   313 | D        | Reached skill level 1 in Ice Magic
   313 | D        | Reached XP level 5. HP: 27/27 MP: 13/15
   313 | D        | Reached XP level 6. HP: 32/32 MP: 13/16
   336 | D        | Found an ornate altar of the Wu Jian Council.
   336 | D        | Found a deep blue altar of Sif Muna.
   338 | D        | Found a radiant altar of Vehumet.
   380 | D        | Found Joqouf's Assorted Antiques.
   380 | D        | Found an ancient bone altar of Kikubaaqudgha.
   380 | D        | Found a hazy altar of Hepliaklqana.
   380 | D        | Found a stormy altar of Qazlal.
   380 | D        | Found a hide-covered altar of Uskayaw.
   380 | D        | Found a blossoming altar of Fedhas.
   380 | D        | Found a bloodstained altar of Trog.
   380 | D        | Found an iron altar of Okawaru.
   380 | D        | Found a basalt altar of Yredelemnul.
   380 | D        | Found a glowing golden altar of the Shining One.
   380 | D        | Found a snail-covered altar of Cheibriados.
   380 | D        | Found a sacrificial altar of Ru.
   380 | D        | Found a glowing silver altar of Zin.
   380 | D        | Found a shadowy altar of Dithmenos.
   380 | D        | Found a white marble altar of Elyvilon.
   380 | D        | Noticed a yak
   381 | D        | Found an opulent altar of Gozag.
   382 | D        | Killed a yak
   382 | D        | Reached skill level 10 in Stealth
   383 | D        | Found a sparkling altar of Nemelex Xobeh.
   389 | D        | Became a worshipper of Dithmenos the Shadowed
   402 | D        | Noticed Sonja
   417 | D        | Killed Sonja
   417 | D        | Reached skill level 10 in Dodging
   417 | D        | Reached skill level 11 in Stealth
   417 | D        | Reached XP level 7. HP: 37/37 MP: 14/20
   417 | D        | Reached XP level 8. HP: 42/42 MP: 14/21
   437 | D        | Found Genoge's Distillery.
   470 | D        | Noticed a deep troll
   476 | D        | Killed a deep troll
   476 | D        | Reached skill level 12 in Stealth
   487 | D        | Found Xiuroili's Armour Emporium.
   530 | D        | Noticed a centaur warrior
   530 | D        | Noticed a centaur warrior
   531 | D        | Shot with an arrow by a centaur warrior

Vault maps used:
D:        dungeon_sprint_1

Skill      XL: |  1  2  3  4  5  6  7  8 |
---------------+-------------------------+-----
Fighting       | 1 2 3 4 |  4.2
Short Blades   | 2 4 5 7 8 |  8.4
Armour         | 1 2 3 |  3.8
Dodging        | 4 6 8 10 11 | 11.1
Stealth        | 5 7 9 11 12 | 12.3
Spellcasting   | 4 5 6 8 9 |  9.6
Hexes          | 4 5 7 |  7.4
Conjurations   | 1 2 3 |  3.2
Ice Magic      | 1 3 |  3.5
Invocations    | 2 3 |  3.1

Action                   |  1- 3 |  4- 6 |  7- 9 || total
-------------------------+-------+-------+-------++-------
Melee: Dagger            |    36 |     9 |     1 ||    46
 Cast: Corona            |     4 |       |       ||     4
       Ensorcelled Hiber |       |     1 |     3 ||     4
       Confuse           |       |     1 |       ||     1
  Use: Potion            |     1 |       |       ||     1
 Stab: Sleeping          |     2 |     3 |     1 ||     6
       Confused          |       |     1 |       ||     1
Armor: Robe              |     2 |       |       ||     2
Dodge: Dodged            |    27 |     4 |     1 ||    32

Table legend:
 A = Spawn XP
 B = Non-spawn XP
 C = Spawn XP percentage of total XP
 D = Spawn monster count
 E = Non-spawn monster count
 F = Spawn count percentage of total count
 G = Total turns spent on level
                    A         B        C        D         E        F      G
               +---------+---------+-------+---------+---------+-------+---------
         Total |       0 |    2189 |   0.0 |       0 |       7 |   0.0 |   531
               +---------+---------+-------+---------+---------+-------+---------
             D |       0 |    2189 |   0.0 |       0 |       7 |   0.0 |   531
               +---------+---------+-------+---------+---------+-------+---------
